 Dungeon Crawl Stone Soup version 0.18-a0-1649-g8d9735b (webtiles) character file.

782 Kidiri the Magician (level 7, -1/40 HPs)
             Began as a Deep Elf Fire Elementalist on Mar 29, 2016.
             Was an Initiate of Vehumet.
             Slain by a centaur (8 damage)
             ... on level 5 of the Dungeon.
             The game lasted 00:18:16 (4786 turns).

Kidiri the Magician (Deep Elf Fire Elementalist)    Turns: 4786, Time: 00:18:16

Health: -1/40      AC:  5    Str:  8    XL:     7   Next: 55%
Magic:  18/18      EV: 14    Int: 22    God:    Vehumet [......]
Gold:   352        SH:  0    Dex: 15    Spells: 6 memorised, 0 levels left

rFire  . . .     SeeInvis .     v - +0 dagger (chaos)
rCold  . . .     Gourm    .     a - +1 robe
rNeg   . . .     Faith    .     (no shield)
rPois  .         Spirit   .     n - +0 helmet
rElec  .         Dismiss  .     (no cloak)
rCorr  .         Reflect  .     (no gloves)
SustAt .         Harm     .     (no boots)
MR     .....                    (no amulet)
Stlth  ++........               y - +1 ring of protection
                                j - +3 ring of strength

@: not resistant to hostile enchantments, unstealthy
A: no striking features
a: Renounce Religion


You were on level 5 of the Dungeon.
You worshipped Vehumet.
Vehumet was noncommittal.
You were not hungry.

You visited 2 branches of the dungeon, and saw 6 of its levels.

You collected 352 gold pieces.

Inventory:

Hand Weapons
 v - a +0 dagger of chaos (weapon)
Armour
 a - a +1 robe (worn)
 n - a +0 helmet (worn)
Jewellery
 j - a +3 ring of strength (left hand)
 y - a +1 ring of protection (right hand)
Wands
 e - a wand of flame (27/48)
 x - a wand of lightning (6/15)
 z - a wand of flame (36/48)
Scrolls
 h - a scroll of fear
 i - a scroll of blinking
 l - a scroll of recharging
 p - a scroll of remove curse
 q - a scroll of amnesia
Potions
 d - 3 potions of heal wounds
 f - a potion of might
 g - 3 potions of invisibility {unknown}
 o - 2 potions of flight {unknown}
 r - a potion of degeneration {unknown}
 s - a potion of cancellation
 t - a potion of cure mutation
 u - a potion of ambrosia
 w - a potion of lignification {unknown}
 A - a potion of haste {unknown}
 B - 2 potions of curing {unknown}
 D - a potion of agility {unknown}
Books
 b - a book of Flames

   Spells                             Type                      Level
   a - Flame Tongue                   Conjuration/Fire             1
   b - Throw Flame                    Conjuration/Fire             2
   c - Conjure Flame                  Conjuration/Fire             3
   d - Inner Flame                    Hexes/Fire                   3
   e - Sticky Flame                   Conjuration/Fire             4
   f - Fireball                       Conjuration/Fire             5
Comestibles
 c - 6 bread rations
 k - 3 meat rations
 m - 3 beef jerkies
 C - 5 chunks of flesh


   Skills:
 + Level 2.0 Fighting
 + Level 4.2 Dodging
 - Level 2.4 Stealth
 * Level 6.4 Spellcasting
 * Level 5.0 Conjurations
 + Level 2.9 Hexes
 + Level 4.5 Fire Magic


You couldn't memorise any spells.
You knew the following spells:

 Your Spells              Type           Power        Failure   Level  Hunger
a - Flame Tongue          Conj/Fire      ####.        1%          1    None
b - Throw Flame           Conj/Fire      ####..       1%          2    None
c - Conjure Flame         Conj/Fire      ####....     4%          3    #......
d - Inner Flame           Hex/Fire       ###.....     8%          3    #......
e - Sticky Flame          Conj/Fire      ####....     14%         4    ###....
f - Fireball              Conj/Fire      ####......   38%         5    #####..


Dungeon Overview and Level Annotations

Branches:
Dungeon (5/15)             Temple (1/1) D:5

Altars:
Ashenzari
Cheibriados
Dithmenos
Elyvilon
Fedhas
Nemelex Xobeh
Okawaru
Ru
Sif Muna
Trog
Vehumet
Xom
Yredelemnul
The Shining One


Message History

You see here a jackal skeleton.
HP restored.
A crimson imp comes into view.
The crimson imp shouts!
The crimson imp blinks!
The centaur wields a shortbow.
The centaur shoots an arrow.
The arrow hits you!
You see here an arrow.
The crimson imp misses you.
The centaur shoots an arrow.
The arrow hits you.
You see here an arrow.
The centaur shoots an arrow.
The arrow misses you. The crimson imp barely misses you.
The centaur shoots an arrow.
The arrow hits you! The crimson imp barely misses you.
The centaur shoots an arrow.
The arrow hits you!
* * * LOW HITPOINT WARNING * * *
You see here an arrow.
The centaur shoots an arrow.
The arrow closely misses you.
The centaur unwields an uncursed shortbow.
The centaur hits you!
You die...

#...# #.# ###.# #.# ###
#.# #(# ..# #.# #(# #.#
#.######(######
#.#######.##..........#
#......##.##.###5####.#
######.##.# #.#
#....<...# #@#
#.###.#### #c# #.# #.#
#.### #.# #.# #...# #.#
#.# ###c# ##.# #.# #.#
...# #.# ## # #.# #..#
#.# #..#####.# #..# #.#
#.#.[.....##.#


You could see a centaur and a crimson imp.

Vanquished Creatures
  A sky beast (D:5)
  A phantom (D:4)
  An ogre (D:4)
  Blork the orc (D:5)
  2 scorpions
  A howler monkey (D:5)
  A giant frog skeleton (D:5)
  Terence (D:3)
  An iguana (D:5)
  A hound skeleton (D:4)
  7 gnolls
  5 adders
  2 oozes
  An adder skeleton (D:4)
  4 worms
  6 giant geckos
  2 orcs
  2 ball pythons
  10 bats
  3 giant cockroaches
  9 goblins
  7 hobgoblins
  5 jackals
  7 kobolds
  2 quokkas (D:3)
  A giant newt (D:2)
  2 quokka skeletons
  7 rats
93 creatures vanquished.

Notes
Turn   | Place    | Note
--------------------------------------------------------------
     0 | D:1      | Kidiri the Deep Elf Fire Elementalist began the quest for the Orb.
     0 | D:1      | Reached XP level 1. HP: 10/10 MP: 6/6
   158 | D:1      | Reached XP level 2. HP: 15/15 MP: 4/8
   162 | D:1      | Learned a level 2 spell: Throw Flame
   644 | D:1      | Reached XP level 3. HP: 19/19 MP: 8/10
   649 | D:1      | Learned a level 3 spell: Conjure Flame
   659 | D:1      | Learned a level 3 spell: Inner Flame
  1291 | D:2      | Reached XP level 4. HP: 24/24 MP: 6/11
  1463 | D:2      | Reached skill level 4 in Spellcasting
  1988 | D:3      | Reached skill level 1 in Fighting
  1989 | D:3      | Reached skill level 1 in Hexes
  2088 | D:3      | Noticed Terence
  2093 | D:3      | Killed Terence
  2426 | D:3      | Reached XP level 5. HP: 28/29 MP: 7/13
  2886 | D:4      | Noticed an ogre
  2895 | D:4      | Killed an ogre
  2895 | D:4      | Reached XP level 6. HP: 33/34 MP: 3/15
  2901 | D:4      | Learned a level 4 spell: Sticky Flame
  3268 | D:4      | Reached skill level 5 in Spellcasting
  3924 | D:4      | Found a deep blue altar of Sif Muna.
  4089 | D:5      | Entered Level 5 of the Dungeon
  4226 | D:5      | Found a white marble altar of Elyvilon.
  4230 | D:5      | Reached XP level 7. HP: 38/38 MP: 14/17
  4295 | D:5      | Found a staircase to the Ecumenical Temple.
  4300 | Temple   | Entered the Ecumenical Temple
  4395 | Temple   | Became a worshipper of Vehumet
  4415 | D:5      | Reached skill level 6 in Spellcasting
  4420 | D:5      | Gained mutation: Your magical capacity is low (-10% MP). [mutagenic meat]
  4421 | D:5      | Lost mutation: Your magical capacity is low (-10% MP). [mutagenic meat]
  4472 | D:5      | Noticed Blork the orc
  4480 | D:5      | Killed Blork the orc
  4480 | D:5      | Reached skill level 5 in Conjurations
  4569 | D:5      | Learned a level 5 spell: Fireball
  4786 | D:5      | Slain by a centaur

Vault maps used:
D:1:      nagdon_arrival_zigzag_paths
D:3:      minmay_misc_feat_square, uniq_terence
D:4:      marbit_many_paths, first_bread
D:5:      kennysheep_mini_moat, nicolae_overflow_hidden_temple,
          minmay_temple_entry_crystal_x, tgw_xom, uniq_blork_the_orc
Temple:   circular_temple_12

Skill      XL: |  1  2  3  4  5  6  7 |
---------------+----------------------+-----
Conjurations   | 2 3 4 5 |  5.0
Dodging        | 3 4 |  4.2
Spellcasting   | 4 5 6 |  6.4
Fighting       | 1 2 |  2.0
Hexes          | 1 2 |  2.9
Fire Magic     | 4 |  4.5
Stealth        | |  2.4

Action                   |  1- 3 |  4- 6 |  7- 9 || total
-------------------------+-------+-------+-------++-------
Melee: Dagger            |    16 |    19 |    22 ||    57
 Cast: Flame Tongue      |    47 |    91 |    22 ||   160
       Throw Flame       |    13 |    30 |     3 ||    46
       Conjure Flame     |     1 |     3 |       ||     4
       Sticky Flame      |       |     1 |     2 ||     3
  Use: Potion            |     1 |       |     1 ||     2
       Scroll            |       |    13 |     3 ||    16
 Stab: Sleeping          |     3 |     1 |     2 ||     6
  Eat: Chunk             |     2 |     9 |     4 ||    15
